Map: Ancient Cistern LE

Players

gvozduk

  • Race: Zerg Zerg
  • League: Platinum
  • Spawn Location: 1:00

main - Winner!

  • Race: Terran Terran
  • League: Platinum
  • Spawn Location: 7:00

VOD

Have the link to the VOD?

Description

Time

  • Played on: May 14, 2023, 6:41 a.m.
  • Length: 23:38
Show
View Real Time Build Order
Export as new Build Order

gvozduk Zerg 

Build Orders: Hatch First 

Get SALT Encoding   

  12  0:03  Drone  
  13  0:14  Overlord  
  13  0:23  Drone  
  14  0:34  Drone x2  
  16  0:40  Drone  
  17  0:53  Hatchery  
  17  0:56  Drone  
  17  1:00  Drone  
  18  1:10  Extractor  
  17  1:15  Spawning Pool  
  16  1:19  Drone  
  16  1:22  Drone  
  18  1:32  Drone  
  19  1:41  Drone  
  20  2:03  Queen  
  20  2:07  Queen  
  24  2:08  Hatchery  
  23  2:20  Zergling x4  
  23  2:21  Drone x2  
  27  2:26  Drone  
  28  2:30  Overlord  
  28  2:40  Metabolic Boost  
  28  2:50  Drone x4  
  32  3:04  Drone x3  
  35  3:14  Overlord x2  
  35  3:20  Queen x2  
  39  3:27  Drone  
  39  3:28  Drone x2  
  39  3:32  Overlord x3  
  42  3:50  Drone x2  
  42  3:51  Drone  
  42  3:53  Drone x4  
  49  4:15  Drone x10  
  59  4:20  Overlord  
  59  4:21  Overlord  
  59  4:43  Drone x6  
  65  4:46  Extractor  
  65  4:47  Drone  
  65  4:48  Extractor  
  65  4:52  Drone  
  65  4:59  Drone x8  
  73  5:02  Queen x2  
  79  5:08  Drone x2  
  79  5:10  Evolution Chamber  
  79  5:11  Evolution Chamber  
  79  5:12  Lair  
  77  5:15  Drone x3, Baneling Nest  
  77  5:18  Drone x2  
  81  5:26  Hatchery  
  80  5:40  Zergling x18  
  89  5:45  Hatchery  
  89  5:49  Zergling x4  
  90  5:53  Zerg Melee Weapons Level 1  
  90  5:54  Zerg Ground Armor Level 1  
  90  6:16  Baneling x2  
  90  6:17  Baneling x5  
  80  6:41  Overseer x2  
  80  6:42  Overseer  
  80  6:44  Zergling x30  
  80  6:46  Overlord x3  
  95  6:52  Extractor  
  94  6:59  Centrifugal Hooks  
  94  7:05  Drone x3  
  78  7:33  Zergling x18  
  87  7:45  Zergling x18  
  87  7:49  Zerg Missile Weapons Level 1  
  87  7:50  Zerg Melee Weapons Level 2  
  96  7:56  Evolution Chamber  
  95  8:01  Baneling  
  95  8:02  Baneling x11  
  95  8:03  Zergling x10  
  85  8:21  Zergling x24  
  85  8:22  Zergling x12  
  96  8:34  Zergling x14  
  102  8:47  Zergling x10  
  95  9:16  Hydralisk Den  
  94  9:21  Zergling x26  
  94  9:22  Zergling x6  
  102  9:24  Zerg Ground Armor Level 2  
  102  9:26  Queen  
  102  9:27  Queen x4  
  100  9:38  Zergling x10  
  95  10:03  Hydralisk x7  
  95  10:04  Hydralisk x4  
  116  10:21  Zergling x2  
  116  10:25  Overlord x8  
  117  10:33  Grooved Spines  
  103  11:06  Zergling x18  
  103  11:07  Zergling x30  
  127  11:21  Hatchery  
  127  11:22  Zerg Missile Weapons Level 2  
  126  11:26  Infestation Pit  
  126  11:27  Overseer x2  
  126  11:30  Zergling x2  
  126  11:31  Zergling x20  
  126  11:32  Hatchery  
  120  11:44  Muscular Augments  
  120  11:47  Zergling x16  
  122  11:55  Zergling x8  
  126  12:02  Pneumatized Carapace  
  118  12:12  Hydralisk x8  
  118  12:13  Zergling x6  
  118  12:14  Zergling x6  
  140  12:18  Hive  
  140  12:21  Zergling x12  
  139  12:37  Zergling x4  
  139  12:38  Zergling x16  
  128  12:51  Hydralisk  
  128  12:52  Hydralisk x5  
  114  13:06  Zergling x2, Overseer x2  
  114  13:07  Zergling x12  
  113  13:14  Zergling x6  
  113  13:19  Hydralisk x4  
  119  13:39  Hydralisk x16  
  151  13:49  Zergling x6  
  151  13:53  Lurker Den  
  151  13:55  Drone x2, Ultralisk Cavern  
  155  13:56  Drone  
  155  13:58  Zerg Melee Weapons Level 3  
  155  14:03  Zerg Missile Weapons Level 3  
  155  14:08  Drone x10, Extractor  
  155  14:09  Extractor  
  163  14:11  Zergling x26  
  176  14:35  Overseer x2  
  150  14:49  Overseer  
  150  14:50  Overseer x3  
  150  14:54  Lurker x3  
  153  15:02  Drone x2  
  155  15:19  Ultralisk  
  155  15:20  Ultralisk  
  167  15:27  Zergling x2  
  167  15:28  Zergling x52  
  187  15:33  Adaptive Talons  
  194  15:39  Extractor  
  194  15:42  Extractor  
  192  15:44  Chitinous Plating  
  192  15:49  Adrenal Glands  
  156  16:18  Overlord x5  
  156  16:20  Overseer  
  156  16:21  Overseer  
  144  17:12  Ultralisk x4  
  144  17:14  Zergling x8  
  144  17:15  Zergling x12  
  170  17:17  Overlord x7  
  160  17:29  Zerg Ground Armor Level 3  
  160  17:41  Overseer x2  
  160  17:43  Zergling x26  
  160  17:44  Zergling x2  
  140  17:53  Overseer x2  
  140  17:54  Hatchery  
  126  18:07  Zergling x34  
  126  18:08  Ultralisk x2  
  151  18:19  Overseer x2  
  135  18:32  Ultralisk  
  135  18:33  Ultralisk x2  
  135  18:34  Zergling x26  
  153  18:45  Overseer x2  
  137  18:49  Zergling x8  
  137  18:50  Zergling x34  
  158  19:01  Overlord x4  
  158  19:02  Overlord  
  158  19:03  Overseer x5  
  158  19:05  Ultralisk  
  164  19:14  Zergling x2  
  164  19:15  Zergling x16  
  149  19:23  Ultralisk  
  143  19:24  Ultralisk  
  143  19:25  Zergling x10  
  148  19:38  Zergling x4  
  148  19:39  Zergling x12  
  155  19:56  Overseer x2  
  138  20:02  Hydralisk x6  
  138  20:04  Zergling x8  
  138  20:05  Zergling x16  
  162  20:21  Drone x3  
  165  20:22  Drone x2  
  165  20:23  Drone  
  165  20:25  Ultralisk  
  165  20:26  Zergling x6  
  177  20:30  Zergling x4  
  177  20:31  Zergling x10  
  169  20:38  Extractor  
  169  20:39  Extractor  
  169  20:41  Overseer x2  
  169  20:42  Overseer  
  156  20:43  Overlord  
  156  20:44  Overlord x4  
  156  21:01  Zergling x16  
  156  21:02  Zergling x14  
  171  21:07  Zergling x2  
  172  21:13  Overseer x3  
  163  21:23  Zergling x22  
  159  21:34  Overseer x3  
  136  21:50  Overseer  
  112  21:58  Zergling x4  
  112  21:59  Zergling x38  
  109  22:19  Ultralisk x5  
  109  22:20  Zergling x2  
  109  22:21  Zergling x4  
  134  22:40  Ultralisk  
  122  23:02  Overseer  
  122  23:03  Overseer x4  
Show
View Real Time Build Order
Export as new Build Order

main Terran - Winner!

Build Orders: 2 Factory, Command Center First, Mech 

Get SALT Encoding   

  12  0:00  SCV  
  13  0:12  SCV  
  14  0:17  Supply Depot  
  14  0:25  SCV  
  15  0:39  SCV  
  16  0:51  SCV  
  17  1:03  SCV  
  18  1:06  Command Center  
  18  1:15  SCV  
  18  1:17  Barracks  
  19  1:23  Refinery  
  19  1:27  SCV  
  19  1:32  Refinery  
  20  1:42  SCV  
  21  1:54  SCV  
  22  2:06  SCV  
  22  2:08  Supply Depot  
  23  2:14  Barracks Reactor  
  23  2:19  Orbital Command x2  
  23  2:30  Factory  
  23  2:45  Bunker  
  23  2:51  Marine  
  23  2:52  Marine  
  23  2:54  SCV  
  23  2:56  SCV  
  27  3:06  Orbital Command  
  27  3:07  Factory  
  27  3:09  Marine x2  
  29  3:27  Marine x2  
  29  3:28  Armory  
  31  3:43  Factory  
  31  3:45  Marine x2  
  33  3:50  Factory Reactor  
  33  3:55  Engineering Bay, SCV x2  
  35  4:02  Factory Tech Lab  
  35  4:03  Marine x2  
  35  4:08  Supply Depot  
  37  4:18  Supply Depot  
  37  4:20  SCV x2, Marine  
  37  4:21  Marine  
  41  4:25  Supply Depot  
  41  4:32  SCV x2  
  41  4:33  Factory Reactor  
  41  4:35  Widow Mine  
  47  4:38  Marine  
  47  4:40  Hellion  
  47  4:45  Supply Depot  
  48  4:48  Terran Infantry Armor Level 1  
  48  4:49  SCV  
  48  4:50  SCV  
  50  4:56  Terran Ship Weapons Level 1  
  50  5:01  Missile Turret, SCV  
  50  5:02  SCV  
  50  5:03  Marine x2  
  50  5:04  Widow Mine  
  56  5:14  SCV x2  
  60  5:21  Widow Mine x2  
  60  5:22  Marine, Widow Mine, Hellion  
  60  5:26  SCV x2  
  60  5:28  Marine  
  70  5:29  Widow Mine  
  72  5:38  SCV x2  
  72  5:40  Marine  
  77  5:43  Widow Mine  
  77  5:45  Marine  
  78  5:54  Supply Depot  
  78  5:56  Supply Depot  
  78  6:00  SCV x2, Widow Mine x2, Marine  
  78  6:01  Supply Depot  
  78  6:02  Missile Turret  
  78  6:03  Marine  
  86  6:15  SCV, Siege Tank  
  86  6:16  Widow Mine x2  
  86  6:18  Marine  
  95  6:22  Widow Mine x2, Marine  
  85  6:35  Marine  
  85  6:37  Widow Mine x2  
  88  6:43  Widow Mine x2  
  92  6:47  SCV x2  
  92  6:48  Widow Mine  
  96  6:58  Widow Mine x2  
  96  6:59  SCV x2  
  102  7:01  Supply Depot  
  102  7:04  Command Center  
  102  7:05  Supply Depot, Factory  
  102  7:08  Marine x2  
  104  7:11  SCV x2  
  102  7:23  Barracks  
  88  7:30  Widow Mine x2  
  88  7:32  Widow Mine x2  
  88  7:35  Siege Tank  
  88  7:37  Drilling Claws  
  97  7:40  Marine  
  97  7:41  Marine  
  99  7:50  Factory  
  101  7:51  Refinery, Widow Mine  
  101  7:53  Refinery  
  101  8:00  Marine x2  
  101  8:01  Widow Mine x2  
  107  8:10  Widow Mine x2  
  106  8:13  Barracks Tech Lab  
  97  8:22  Marine x2  
  97  8:23  Widow Mine x2  
  97  8:24  Widow Mine  
  103  8:32  Widow Mine x2, Marine  
  108  8:39  Marine  
  108  8:40  Marine  
  109  8:42  Widow Mine x2  
  109  8:45  Widow Mine x2  
  100  8:50  Marine  
  100  8:52  Widow Mine  
  100  8:53  Widow Mine  
  102  8:57  Marine x2  
  104  9:03  Bunker  
  104  9:06  Widow Mine x2  
  104  9:07  Factory Reactor, Marine  
  106  9:15  Marine x2  
  108  9:21  Widow Mine x3  
  108  9:22  Widow Mine  
  116  9:25  Marine  
  116  9:27  Widow Mine  
  117  9:33  Marine x2  
  112  9:42  Widow Mine  
  112  9:43  Widow Mine x3, Marine  
  119  9:51  Marine x2  
  119  9:52  Command Center  
  114  9:54  Factory Reactor  
  112  10:00  Widow Mine x3  
  112  10:01  Marine  
  112  10:03  Stimpack  
  112  10:05  Orbital Command  
  113  10:08  Missile Turret, Marine  
  113  10:09  Marine  
  113  10:10  SCV x2  
  117  10:22  SCV x2  
  117  10:23  Widow Mine x2, Marine  
  117  10:24  Widow Mine x2  
  117  10:26  Marine  
  117  10:27  Marine  
  130  10:34  SCV x2  
  132  10:36  Widow Mine x3  
  132  10:41  Marine  
  139  10:44  Marine x2  
  139  10:46  SCV x2  
  139  10:49  Widow Mine x3  
  135  10:51  Widow Mine x2  
  135  10:54  Widow Mine  
  124  10:57  Widow Mine x2  
  124  10:58  SCV, Widow Mine, Marine  
  124  10:59  SCV  
  124  11:02  Marine  
  119  11:10  SCV, Widow Mine x3  
  126  11:12  Widow Mine x2  
  126  11:13  Factory, SCV x2  
  126  11:15  Refinery  
  126  11:18  Refinery  
  132  11:25  Starport  
  132  11:30  SCV x2  
  132  11:31  Siege Tank  
  132  11:32  Barracks, Widow Mine x2  
  143  11:33  Command Center, Widow Mine, Marine x3  
  146  11:45  SCV x2  
  148  11:50  Marine  
  148  11:51  Marine  
  148  11:52  Planetary Fortress  
  142  11:58  Marine  
  147  12:01  Widow Mine x3  
  147  12:02  Widow Mine x3  
  147  12:05  Widow Mine  
  147  12:06  Widow Mine  
  155  12:08  Marine  
  155  12:09  Combat Shield  
  155  12:14  Supply Depot  
  155  12:15  Supply Depot  
  156  12:16  Supply Depot  
  156  12:19  Marine x2  
  156  12:20  Factory Reactor, Widow Mine  
  156  12:21  Factory Tech Lab  
  156  12:22  Barracks Reactor  
  160  12:23  Starport Reactor  
  160  12:26  Starport, Marine  
  124  12:50  Marine x3  
  118  12:52  Siege Tank, Widow Mine x5  
  118  12:53  Widow Mine x2  
  118  12:55  Orbital Command  
  127  13:04  Widow Mine  
  127  13:05  Marine x2  
  118  13:08  Marine x3  
  109  13:13  Widow Mine x4  
  109  13:14  Widow Mine x3  
  109  13:16  SCV x3  
  124  13:21  Terran Infantry Weapons Level 1  
  124  13:22  Marine  
  124  13:23  Marine  
  124  13:24  Orbital Command, Siege Tank  
  124  13:25  Widow Mine, Marine  
  124  13:26  Marine x2  
  132  13:28  SCV  
  133  13:34  Widow Mine x2  
  133  13:35  Widow Mine  
  133  13:40  Marine x2  
  141  13:42  Widow Mine  
  141  13:43  Widow Mine x3, Marine x2  
  141  13:44  Marine  
  141  13:47  Refinery  
  141  13:48  Refinery, Viking  
  154  13:49  Viking  
  154  13:52  SCV x3  
  159  13:58  Marine x2  
  159  14:01  Marine x2  
  159  14:02  Marine  
  164  14:03  Widow Mine x3  
  164  14:04  SCV x3, Widow Mine  
  164  14:08  Widow Mine  
  177  14:16  SCV, Marine x2  
  181  14:17  Planetary Fortress  
  181  14:19  Marine x2  
  181  14:22  Marine  
  181  14:23  Widow Mine x3  
  185  14:34  Marine  
  153  14:39  Marine  
  153  14:40  Marine  
  130  14:48  Widow Mine x3  
  130  14:49  Widow Mine x2  
  130  14:50  Marine x2  
  130  14:51  Marine  
  143  14:57  Marine  
  144  15:01  Siege Tank, Widow Mine  
  144  15:02  Widow Mine x2  
  144  15:03  Starport Reactor  
  153  15:10  Widow Mine  
  153  15:14  Refinery  
  155  15:17  SCV  
  155  15:18  SCV x3  
  155  15:19  SCV  
  160  15:25  Widow Mine x2  
  160  15:26  Widow Mine x3  
  170  15:29  SCV  
  170  15:30  SCV  
  170  15:31  Widow Mine x2, Marine x4  
  170  15:33  Siege Tank  
  170  15:34  Terran Infantry Weapons Level 2  
  183  15:38  SCV  
  183  15:39  SCV x2  
  186  15:50  SCV x2  
  186  15:51  SCV x2  
  186  15:52  SCV  
  191  16:02  SCV x2  
  193  16:05  Siege Tank  
  172  16:13  Widow Mine x3  
  172  16:14  Widow Mine x2  
  182  16:21  Widow Mine x2  
  182  16:22  Widow Mine, Marine x5  
  189  16:37  Siege Tank  
  192  16:40  Marine x5  
  156  16:57  Marine  
  156  16:58  Marine  
  156  17:01  Widow Mine x3, Marine x3  
  160  17:07  Widow Mine x4  
  166  17:09  Siege Tank  
  166  17:15  Marine x2  
  169  17:16  Widow Mine  
  169  17:19  Marine x3  
  169  17:22  SCV, Widow Mine  
  179  17:23  SCV x3  
  182  17:33  Marine x2  
  182  17:35  SCV  
  182  17:36  Marine  
  182  17:37  Marine x2  
  157  17:40  Widow Mine x6  
  157  17:41  Widow Mine  
  171  17:49  Widow Mine x2  
  171  17:51  Marine x2  
  173  17:54  Marine x2  
  173  17:55  Marine  
  166  18:01  Widow Mine x3  
  166  18:02  Widow Mine x3  
  155  18:06  Widow Mine  
  155  18:09  Marine x2  
  155  18:10  Viking  
  155  18:11  Widow Mine x2  
  155  18:12  Marine x3  
  163  18:22  Widow Mine x2  
  163  18:23  Widow Mine x3  
  163  18:24  Viking  
  163  18:26  Marine  
  163  18:27  Widow Mine, Marine  
  141  18:30  Marine x3  
  141  18:31  Widow Mine  
  141  18:33  SCV  
  147  18:37  SCV x2  
  137  18:44  Widow Mine, Marine x2  
  137  18:45  Widow Mine  
  137  18:47  Widow Mine  
  139  18:57  Marine  
  139  18:58  Marine  
  139  18:59  Widow Mine x4  
  139  19:02  SCV  
  151  19:04  SCV  
  151  19:05  SCV  
  152  19:16  Widow Mine x3  
  150  19:23  Siege Tank, Widow Mine  
  150  19:24  Widow Mine x4  
  158  19:31  Orbital Command  
  157  19:33  Marine x2  
  157  19:34  Marauder, Marine x2  
  157  19:37  Liberator, Widow Mine  
  168  19:40  SCV x3  
  171  19:47  Widow Mine  
  171  19:48  Widow Mine  
  171  19:51  Marine x2  
  177  19:55  Widow Mine x2  
  177  19:56  Marauder  
  167  20:00  Widow Mine x4  
  165  20:07  Ghost Academy  
  165  20:11  Ghost Academy  
  161  20:42  Widow Mine x4  
  165  20:43  Ghost, Widow Mine x3, Marine  
  165  20:44  Marine x2  
  165  20:49  Personal Cloaking  
  174  20:51  Nuke  
  174  20:55  Marine  
  175  21:00  Marine  
  175  21:02  Marine  
  177  21:05  Widow Mine x2, Marine  
  177  21:08  Siege Tank  
  177  21:09  Widow Mine  
  187  21:13  Marine  
  187  21:15  Ghost  
  187  21:17  Widow Mine  
  184  21:18  Marine  
  184  21:19  Widow Mine  
  184  21:20  Marine  
  184  21:23  Marine  
  184  21:24  Widow Mine x2  
  185  21:31  Marine  
  173  21:36  Marine  
  170  21:43  Widow Mine x5  
  170  21:44  Ghost  
  166  21:48  Widow Mine  
  166  21:49  Widow Mine x3  
  139  22:04  Widow Mine x2  
  139  22:06  Widow Mine x2  
  147  22:11  Orbital Command  
  147  22:12  Ghost  
  149  22:21  Marine x2  
  138  22:46  Widow Mine x4  
  138  22:47  Widow Mine x4, Marine x3  
  157  22:53  Siege Tank  
  158  23:04  Ghost, Marine  
  154  23:07  Widow Mine x3  
Tags
 
Add a new tag
Caveats
  • Supply blocks, unpowered buildings, or Contaminate may cause inaccurate times.
  • Supply counts are checked every 10 seconds.